 Dungeon Crawl Stone Soup version 0.27.1-2-g3b301248ec (webtiles) character file.

Game seed: 16565132641896139173

6041 MajorAdolf the Covert (level 10, -2/94 HPs)
             Began as a Naga Wanderer on Sept 28, 2021.
             Slain by a catoblepas (8 damage)
             ... on level 9 of the Dungeon.
             The game lasted 00:31:03 (20010 turns).

MajorAdolf the Covert (Naga Wanderer)              Turns: 20010, Time: 00:31:04

Health: -2/94      AC: 10    Str: 12 (17) XL:     10   Next: 86%
Magic:  6/27       EV: 10    Int: 15 (18) God:
Gold:   467        SH:  0    Dex:  7 (13) Spells: 8/19 levels left

rFire    + . .     SeeInvis +   f - staff of fire
rCold    + . .     Faith    .   (no shield)
rNeg     . . .     Spirit   .   e - +1 robe
rPois    +         Reflect  .   D - +3 hat of Pondering {ponderous, Will+ MP+10 Int+5}
rElec    .         Harm     .   v - +0 cloak
rCorr    .         Rampage  .   M - +0 pair of gloves
Will     ++...                  (no barding)
Stlth    ++++......             t - amulet of magic regeneration
HPRegen  0.25/turn              O - ring of wizardry
MPRegen  0.45/turn              (no ring)

@: about to teleport, very slightly contaminated, very slow
A: AC +3, large, see invisible, deformed body, poison resistance, slowness 2,
spit poison 1, naga tail 1, cold resistance 1, deterioration 1, strong 1
a: Spit Poison


You were on level 9 of the Dungeon.
You visited 2 branches of the dungeon, and saw 12 of its levels.

You collected 532 gold pieces.
You spent 65 gold pieces at shops.

Inventory:

Hand Weapons
 a - a +2 shortbow
 d - a +2 whip of freezing
 q - a +3 dagger of protection
 B - a +2 mace of venom
 C - a +2 dagger of flaming
Missiles
 b - 84 arrows
 u - 23 boomerangs
 w - 2 throwing nets
Armour
 e - a +1 robe (worn)
 v - a +0 cloak (worn)
 D - the +3 hat of Pondering (worn) {ponderous, Will+ MP+10 Int+5}
   (You found it on level 4 of the Dungeon)

   Int:       It affects your intelligence (+5).
   MP:        It affects your magic capacity (+10).
   Will:      It increases your willpower.
 L - a +2 scale mail of fire resistance
 M - a +0 pair of gloves (worn)
 R - a +0 kite shield
Magical Staves
 f - a staff of fire (weapon)
 y - a staff of death
 Q - a staff of poison
Jewellery
 t - an amulet of magic regeneration (around neck)
 O - a ring of wizardry (left hand)
Wands
 K - a wand of flame (19)
Scrolls
 c - a scroll of torment {unknown}
 h - 2 scrolls of amnesia {unknown}
 i - 3 scrolls of enchant weapon {unknown}
 j - 11 scrolls of identify
 k - 3 scrolls of teleportation
 l - a scroll of vulnerability {unknown}
 n - 3 scrolls of blinking {unknown}
 p - 2 scrolls of noise {unknown}
 r - 2 scrolls of fog {unknown}
 x - 2 scrolls of magic mapping {unknown}
 E - a scroll of silence {unknown}
 I - a scroll of immolation {unknown}
 N - a scroll of holy word {unknown}
Potions
 g - a potion of heal wounds
 m - a potion of curing {unknown}
 o - 2 potions of haste {unknown}
 s - a potion of flight
 z - 4 potions of degeneration
 A - a potion of magic {unknown}
 F - 2 potions of lignification
 G - a potion of cancellation {unknown}
 H - a potion of attraction {unknown}
 P - a potion of might {unknown}


   Skills:
 - Level 7.2 Fighting
 - Level 1.0 Long Blades
 - Level 2.6 Bows
 - Level 1.0 Throwing
 - Level 5.0 Dodging
 - Level 10.1 Stealth
 + Level 2.1 Shields
 + Level 5.2 Spellcasting
 + Level 5.2 Conjurations
 - Level 2.0 Hexes
 - Level 2.0 Transmutations
 + Level 5.1 Fire Magic
 + Level 4.6 Earth Magic


You had 8 spell levels left.
You knew the following spells:

 Your Spells              Type           Power      Damage    Failure   Level
a - Passwall              Tmut/Erth      10%        N/A       2%          2
b - Confusing Touch       Hex            10%        N/A       9%          3
c - Foxfire               Conj/Fire      100%       2x1d9     1%          1
d - Bolt of Magma         Conj/Fire/Erth 14%        4d8       22%         5

Your spell library contained the following spells:

 Spells                   Type           Power      Damage    Failure   Level
 Conjure Flame            Conj/Fire      29%        6-21      2%          3
 Stone Arrow              Conj/Erth      36%        3d9       2%          3
 Sting                    Tmut/Pois      24%        1d4       4%          1
 Slow                     Hex            10%        N/A       4%          2
 Inner Flame              Hex/Fire       22%        N/A       4%          3
 Poisonous Vapours        Pois/Air       6%         N/A       10%         2
 Swiftness                Air            3%         N/A       19%         3
 Cause Fear               Hex            5%         N/A       26%         4
 Olgreb's Toxic Radiance  Pois           3%         N/A       52%         4
 Yara's Violent Unravell  Hex/Tmut       5%         3d4       56%         5
 Invisibility             Hex            5%         N/A       98%         6
 Discord                  Hex            5%         N/A       100%        8
 Shatter                  Erth           8%         3d10*     100%        9


Dungeon Overview and Level Annotations

Branches:
Dungeon (10/15)            Temple (0/1) D:7             Orc (2/2) D:9
   Lair: D:8-11         Elf: Orc:2

Altars:
Dithmenos
Makhleb
Nemelex Xobeh
Qazlal
Trog

Shops:
D:1 ?   Orc:1 *

Annotations:
D:9 exclusion: 2 downstairs


Innate Abilities, Weirdness & Mutations

Your serpentine skin is tough. (AC +3)
You have supernaturally acute eyesight. (SInv)
Armour fits poorly on your strangely shaped body.
Your system is resistant to poisons. (rPois)
You cover ground very slowly.
You can spit poison.
You have a snake-like lower body.
Your flesh is cold resistant. (rC+)
Your body sometimes deteriorates upon taking damage.
Your muscles are strong. (Str +2)


Message History

Aiming: Bolt of Magma (dangerous; 22% risk of failure)
Press: ? - help, Shift-Dir - straight line, f/p - catoblepas
Aim: a catoblepas (100% to hit)
You feel a surge of power!
The bolt of magma hits the catoblepas!
The catoblepas is lightly wounded.
The catoblepas gores you!!
Unknown command.
Casting: Bolt of Magma (dangerous; 22% risk of failure)
Confirm with . or Enter, or press ? or * to list all spells.
Aiming: Bolt of Magma (dangerous; 22% risk of failure)
Press: ? - help, Shift-Dir - straight line, f/p - catoblepas
Aim: a catoblepas (lightly wounded, 100% to hit)
You feel a surge of power!
The bolt of magma hits the catoblepas!!
The catoblepas is moderately wounded.
The catoblepas gores you!
Unknown command.
Casting: Bolt of Magma (dangerous; 22% risk of failure)
Confirm with . or Enter, or press ? or * to list all spells.
Aiming: Bolt of Magma (dangerous; 22% risk of failure)
Press: ? - help, Shift-Dir - straight line, f/p - catoblepas
Aim: a catoblepas (moderately wounded, 100% to hit)
You feel a surge of power!
The bolt of magma hits the catoblepas!
The catoblepas is heavily wounded.
The catoblepas gores you!!
* * * LOW HITPOINT WARNING * * *
Your body deteriorates!
You feel clumsy.
Casting: Bolt of Magma (dangerous; 22% risk of failure)
Confirm with . or Enter, or press ? or * to list all spells.
You don't have enough magic to cast this spell.
Unknown command.
The catoblepas breathes a plume of calcifying dust at you.
The blast of calcifying dust hits you.
* * * LOW HITPOINT WARNING * * *
Unknown command.
The catoblepas gores you!
* * * LOW HITPOINT WARNING * * *
Unknown command.
As you read the scroll of teleportation, it crumbles to dust.
You feel strangely unstable. The catoblepas gores you!
You die...

*,,,,,,*.....###.###....#
*,,,,,,*................#
,,,,,..#####.##..###....#
,,,**............# #....#
,,,**#####...##.## #....#
,,,**** #.#....# *#....#
,,,,,,* #..(######.....#
,,,**>*####.....#.......#
,,,,,,#.........@Y......#
,,,***#.#....######.....#
,,,,,,#....#..,,,,,.....#
*****,###.....,,,,,...###
*,**##....*,,,,...#
*,,,,......,),,...#***
*****.##.,,,,,,....,,*
*(*,,,*,,,,.####,*
*,,,,,,,,*,,,*,,,*


You could see a catoblepas.

Vanquished Creatures
  A two-headed ogre (D:9)
  Pikel (D:4)
  A hornet (D:9)
  A shadow (D:5)
  Sigmund (D:4)
  8 yaks (D:9)
  A warg (Orc:2)
  2 water moccasins (D:8)
  3 orc warriors
  An ice beast (D:7)
  2 black bears
  4 necrophages
  2 centaurs
  4 ogres
  A lemure (D:4)
  A gnoll sergeant (D:7)
  A bullfrog (D:8)
  2 wyvern skeletons
  A water moccasin zombie (D:5)
  2 water moccasin skeletons
  3 killer bees (D:9)
  8 wights
  A howler monkey (D:9)
  A centaur zombie (D:4)
  2 bullfrog zombies
  A hound (D:5)
  5 orc priests
  A centaur skeleton (D:3)
  A jelly (D:6)
  An iguana (D:7)
  4 orc wizards
  A hound zombie (D:4)
  2 hound skeletons
  Robin (D:1)
  11 gnolls
  4 adders
  2 howler monkey skeletons
  3 white imps (D:6)
  2 ufetubi
  An adder zombie (D:4)
  2 adder skeletons
  2 worms
  12 dart slugs (D:3)
  35 orcs
  9 endoplasms
  3 giant cockroaches
  15 goblins
  7 hobgoblins
  5 kobolds
  3 quokkas
  8 ball pythons
  6 bats
  4 frilled lizards
  A quokka skeleton (D:4)
  5 rats
  A toadstool (D:1)
213 creatures vanquished.

Vanquished Creatures (others)
  An orc (D:5)
  447 foxfires
  3 toadstools (D:1)
  7 withered plants (D:4)
458 creatures vanquished.

Grand Total: 671 creatures vanquished

Notes
Turn   | Place    | Note
-------+----------+-------------------------------------------
     0 | D:1      | MajorAdolf the Naga Wanderer began the quest for the Orb.
     0 | D:1      | MajorAdolf set off with the following items: a +2 shortbow,
                  | 25 arrows, a +0 quarterstaff, a potion of lignification, a
                  | +0 robe
     0 | D:1      | Reached XP level 1. HP: 21/21 MP: 1/1
   123 | D:1      | Reached skill level 2 in Stealth
   523 | D:1      | Reached XP level 2. HP: 28/28 MP: 2/2
   680 | D:1      | Found Xymixus's Magic Scroll Boutique.
  1288 | D:2      | Reached skill level 3 in Stealth
  2708 | D:2      | Reached XP level 3. HP: 34/34 MP: 3/3
  2742 | D:2      | Noticed Robin
  2754 | D:1      | Killed Robin
  4331 | D:2      | Reached XP level 4. HP: 29/43 MP: 4/4
  4659 | D:2      | Learned a level 2 spell: Passwall
  5638 | D:2      | Reached skill level 1 in Earth Magic
  5752 | D:3      | Reached skill level 1 in Dodging
  5752 | D:3      | Reached skill level 1 in Spellcasting
  5832 | D:2      | Reached skill level 1 in Transmutations
  6253 | D:2      | Noticed a necrophage
  6279 | D:1      | Killed a necrophage
  6280 | D:1      | Reached skill level 4 in Stealth
  6280 | D:1      | Reached XP level 5. HP: 9/50 MP: 5/7
  7074 | D:2      | Reached XP level 6. HP: 57/57 MP: 8/8
  8363 | D:3      | Reached skill level 5 in Stealth
  8887 | D:3      | Found a faded altar of an unknown god.
  8903 | D:3      | Reached XP level 7. HP: 55/66 MP: 10/10
  9236 | D:4      | Reached skill level 6 in Stealth
  9842 | D:4      | Noticed Pikel
 10137 | D:5      | Entered Level 5 of the Dungeon
 10161 | D:5      | Reached skill level 5 in Fighting
 10476 | D:4      | Killed Pikel
 10477 | D:4      | Reached skill level 8 in Stealth
 10477 | D:4      | Reached XP level 8. HP: 76/76 MP: 11/11
 10557 | D:4      | Found the +3 hat of Pondering {ponderous, Will+ MP+10
                  | Int+5}
 10819 | D:4      | Noticed Sigmund
 10828 | D:4      | Killed Sigmund
 11018 | D:5      | Gained mutation: You are partially covered in iridescent
                  | scales. (AC +2) [potion of mutation]
 11018 | D:5      | Gained mutation: Your body sometimes deteriorates upon
                  | taking damage. [potion of mutation]
 11018 | D:5      | Gained mutation: Your body often deteriorates upon taking
                  | damage. [potion of mutation]
 11033 | D:5      | Noticed a shadow
 11839 | D:5      | Reached skill level 9 in Stealth
 11992 | D:5      | Killed a shadow
 12455 | D:5      | Reached XP level 9. HP: 85/85 MP: 12/12
 12523 | D:5      | Found a shadowy altar of Dithmenos.
 12530 | D:5      | Learned a level 3 spell: Confusing Touch
 12974 | D:6      | Reached skill level 1 in Hexes
 13315 | D:6      | Found a sparkling altar of Nemelex Xobeh.
 13316 | D:6      | Found a bloodstained altar of Trog.
 13458 | D:6      | Reached skill level 10 in Stealth
 13599 | D:7      | Reached skill level 5 in Dodging
 13618 | D:7      | Identified the +2 ring mail "Olisk" {rCorr Dex+6}
 13628 | D:7      | Found a staircase to the Ecumenical Temple.
 13827 | D:7      | Learned a level 1 spell: Foxfire
 14169 | D:7      | Reached skill level 1 in Conjurations
 14169 | D:7      | Reached skill level 1 in Fire Magic
 15576 | D:8      | Learned a level 5 spell: Bolt of Magma
 15870 | D:9      | Found a burning altar of Makhleb.
 15893 | D:9      | Found a stormy altar of Qazlal.
 15962 | D:9      | Reached XP level 10. HP: 83/94 MP: 15/15
 16252 | D:9      | Noticed a two-headed ogre
 16261 | D:9      | Killed a two-headed ogre
 16942 | D:9      | Found a staircase to the Orcish Mines.
 17941 | D:9      | Reached skill level 5 in Spellcasting
 18124 | D:10     | Entered Level 10 of the Dungeon
 18274 | D:10     | Noticed a manticore
 18274 | D:10     | Noticed a catoblepas
 18633 | D:9      | Lost mutation: You are partially covered in iridescent
                  | scales. (AC +2) [potion of mutation]
 18633 | D:9      | Lost mutation: Your body often deteriorates upon taking
                  | damage. [potion of mutation]
 18633 | D:9      | Gained mutation: Your muscles are strong. (Str +2) [potion
                  | of mutation]
 18633 | D:9      | Gained mutation: Your flesh is cold resistant. (rC+)
                  | [potion of mutation]
 19146 | Orc:1    | Entered Level 1 of the Orcish Mines
 19151 | Orc:1    | Reached skill level 5 in Conjurations
 19151 | Orc:1    | Reached skill level 5 in Fire Magic
 19180 | Orc:1    | Found Heavotav's Humungous Hoard.
 19199 | Orc:1    | Bought a potion of heal wounds for 65 gold pieces
 19252 | Orc:2    | Entered Level 2 of the Orcish Mines
 19767 | Orc:2    | Noticed an orc warlord
 20010 | D:9      | Slain by a catoblepas

Illustrated notes

Levels and vault maps discovered:
D:1:      ldierk_water_garden, layout_basic, serial_shops, shop,
          minmay_misc_feat_tower
D:2:      layout_basic, uniq_robin
D:3:      kennysheep_slugbush, layout_loops_ring,
          shapermc_ecumenical_altar_notcrosses, hangedman_feature_mirror
D:4:      layout_cave_pods, serial_undead, serial_undead_f, serial_undead_b,
          serial_undead_a, serial_undead_b, uniq_sigmund, uniq_grinder,
          uniq_pikel
D:5:      layout_loops_corners, lemuel_crystal_altar, lemuel_old_faithful
D:6:      layout_basic, chequers_temple_overflow_statue_of_worship
D:7:      layout_basic, minmay_temple_entry_tees
D:8:      layout_basic
D:9:      layout_basic, nicolae_qazlal_general_emergency,
          mainiacjoe_overflow_cross_hatched, orc_0_dummy
D:10:     nzn_motion_control, layout_stronghold, okawaru_ov_weapons_minmay,
          serial_bayou_lagoon_a
Orc:1:    layout_caves, nicolae_alphabet_shops
Orc:2:    st_orc_ogre_mass, layout_caves, nicolae_shop_gadgets

Skill      XL: |  1  2  3  4  5  6  7  8  9 10 |
---------------+-------------------------------+-----
Stealth        | 2 3 4 5 8 9 10 | 10.1
Earth Magic    | 1 2 4 |  4.6
Dodging        | 1 2 3 4 5 |  5.0
Spellcasting   | 1 2 3 5 |  5.2
Transmutations | 1 2 |  2.0
Fighting       | 4 5 6 7 |  7.2
Hexes          | 2 |  2.0
Conjurations   | 3 5 |  5.2
Fire Magic     | 3 5 |  5.1
Shields        | 2 |  2.1
Long Blades    | |  1.0
Bows           | |  2.6
Throwing       | |  1.0

Action                   |  1- 3 |  4- 6 |  7- 9 | 10-12 || total
-------------------------+-------+-------+-------+-------++-------
Melee: Quarterstaff      |    53 |    63 |       |       ||   116
       Shortbow          |     8 |       |       |       ||     8
       Dagger            |       |    99 |   173 |    11 ||   283
       Mace              |       |       |   103 |    22 ||   125
 Fire: Shortbow          |       |    13 |    32 |       ||    45
       Hunting sling     |       |     8 |       |       ||     8
Throw: Stone             |       |     1 |       |       ||     1
 Cast: Passwall          |       |     2 |     1 |     2 ||     5
       Foxfire           |       |       |   105 |   151 ||   256
       Bolt of Magma     |       |       |       |     7 ||     7
       Confusing Touch   |       |       |       |     1 ||     1
 Abil: Spit Poison       |    22 |    46 |    35 |     4 ||   107
  Use: Potion            |       |       |     5 |     4 ||     9
       Scroll            |       |       |     3 |     2 ||     5
 Stab: Sleeping          |       |     3 |    12 |       ||    15
       Confused          |       |       |       |     1 ||     1
Armor: Robe              |     5 |    74 |   166 |    35 ||   280
       Skin              |       |       |    11 |       ||    11
Dodge: Dodged            |    25 |    99 |   193 |    36 ||   353
Block: Kite shield       |       |       |       |    13 ||    13
